 Dungeon Crawl Stone Soup version 0.22.1-1-ga44c0e5 (webtiles) character file.

4 Monsterracer the Insei (level 1, -2/16 HPs)
             Began as a Demigod Transmuter on Oct 5, 2018.
             Slain by a hobgoblin
             ... wielding a +0 club
              (5 damage)
             ... on level 1 of the Dungeon.
             The game lasted 00:00:32 (121 turns).

Monsterracer the Insei (Demigod Transmuter)          Turns: 121, Time: 00:00:33

Health: -2/16      AC:  2    Str: 13    XL:     1   Next: 40%
Magic:  5/5        EV: 12    Int: 17    God:
Gold:   29         SH:  0    Dex: 16    Spells: 2/3 levels left

rFire    . . .     SeeInvis .     - Unarmed
rCold    . . .     Gourm    .   (no shield)
rNeg     . . .     Faith    .   b - +0 robe
rPois    .         Spirit   .   (no helmet)
rElec    .         Reflect  .   (no cloak)
rCorr    .         Harm     .   (no gloves)
MR       .....                  (no boots)
Stlth    +.........             (no amulet)
HPRegen  0.05/turn              (no ring)
MPRegen  0.09/turn              (no ring)

@: appendage (expiring)
A: horns 2, high mp 1
a: End Transformation


You were on level 1 of the Dungeon.
You were not hungry.
You had grown temporary horns.
You visited 1 branch of the dungeon, and saw 1 of its levels.

You collected 29 gold pieces.

Inventory:

Missiles
 a - 12 arrows
Armour
 b - a +0 robe (worn)
Scrolls
 d - a scroll of fear {unknown}
Comestibles
 c - 2 rations


   Skills:
 + Level 1.0 Fighting
 - Level 1.7 Dodging
 * Level 2.9 Unarmed Combat
 - Level 1.7 Spellcasting
 - Level 1.7 Transmutations


You had 2 spell levels left.
You knew the following spells:

 Your Spells              Type           Power        Failure   Level  Hunger
j - Beastly Appendage     Tmut           #.....       10%         1    #......

Your spell library contained the following spells:

 Spells                   Type           Power        Failure   Level  Hunger
 Sticks to Snakes         Tmut           #.......     14%         2    ###....
 Spider Form              Tmut/Pois      #.........   38%         3    ###....
 Ice Form                 Ice/Tmut       #.......     80%         4    #####..
 Blade Hands              Tmut           #.........   95%         5    ######.


Dungeon Overview and Level Annotations

Branches:
Dungeon (1/15)


Innate Abilities, Weirdness & Mutations

You have an increased reservoir of magic. (+10% MP)
You have a pair of horns on your head.


Message History

Welcome, Monsterracer the Demigod Transmuter.
The bosom of this dungeon contains the fabled artefact, the Orb of Zot.
Press ? for a list of commands and other information.
Found a staircase leading out of the dungeon.
Unknown command.
Sorry, you're not good enough to have a special ability.
You now have 4 gold pieces.
You now have 14 gold pieces (gained 10).
A kobold comes into view. It is wielding a short sword of speed.
The kobold shouts!
The kobold throws a stone.
The stone misses you.
You see here a stone.
A kobold is nearby!
A kobold is nearby!
The kobold throws a stone.
The stone closely misses you.
Casting: Beastly Appendage (safe; 10% risk of failure)
Confirm with . or Enter, or press ? or * to list all spells.
Your feet morph into talons.
You now have 4/5 mp.
The kobold closely misses you. The kobold hits you but does no damage.
You barely miss the kobold. You claw the kobold.
You kill the kobold!
No target in view!
No target in view!
No target in view!
Your transformation is almost over.
Magic restored.
Things that are here:
a short sword of speed; a kobold corpse; MP restored: 5 Your talons disappear.
d - a scroll labeled INIWELEOZA You open the door.
A kobold comes into view. It is wielding a dagger.
The kobold shouts!
The kobold throws a stone.
The stone barely misses you.
There is an open door here.
You see here a stone.
A kobold is nearby!
You hit the kobold.
The kobold is moderately wounded.
The kobold misses you.
You barely miss the kobold.
The kobold is moderately wounded.
The kobold hits you with a dagger.
You take 2 damage, and have 13/15 hp.
You hit the kobold.
The kobold is severely wounded.
The kobold closely misses you.
You closely miss the kobold.
The kobold is severely wounded.
The kobold closely misses you.
You hit the kobold.
You kill the kobold!
Your Fighting skill increases to level 1!
HP restored.
c - 2 rations (gained 1)
Things that are here:
a dagger; a kobold corpse Health restored: 16 You now have 29 gold pieces (gained 15).
A kobold comes into view.
The kobold shouts!
A kobold is nearby!
A kobold is nearby!
A kobold is nearby!
Casting: Beastly Appendage (safe; 10% risk of failure)
Confirm with . or Enter, or press ? or * to list all spells.
You grow a pair of large bovine horns.
A frilled lizard comes into view.
You now have 4/5 mp.
The frilled lizard hisses angrily.
You hit the kobold.
The kobold is moderately wounded.
The kobold hits you but does no damage.
You hit the kobold.
You kill the kobold!
A hobgoblin comes into view. It is wielding a club.
You miss the frilled lizard. You headbutt the frilled lizard.
You kill the frilled lizard!
Your transformation is almost over.
You see here a frilled lizard corpse.
The hobgoblin hits you with a club!
You take 7 damage, and have 9/16 hp.
MASSIVE DAMAGE!!
You are too injured to fight recklessly!
You are too injured to fight recklessly!
You are too injured to fight recklessly!
You hit the hobgoblin.
The hobgoblin is lightly wounded.
The hobgoblin hits you with a club.
* * * LOW HITPOINT WARNING * * *
You take 3 damage, and have 6/16 hp.
You barely miss the hobgoblin.
The hobgoblin is lightly wounded.
The hobgoblin hits you with a club.
* * * LOW HITPOINT WARNING * * *
You take 3 damage, and have 3/16 hp.
You hit the hobgoblin.
The hobgoblin is severely wounded.
The hobgoblin hits you with a club.
You die...

......#.#######
#.........
#..#######
#######.)#### #
............#
.#
#######..##.#
..#
#..##.####...#
#..##........#
#.....†@g...#
#..........##
############


You could see a hobgoblin.

Vanquished Creatures
  3 kobolds (D:1)
  A frilled lizard (D:1)
4 creatures vanquished.

Notes
Turn   | Place    | Note
-------+----------+-------------------------------------------
     0 | D:1      | Monsterracer the Demigod Transmuter began the quest for the
                  | Orb.
     0 | D:1      | Reached XP level 1. HP: 15/15 MP: 5/5
    77 | D:1      | Reached skill level 1 in Fighting
   119 | D:1      | HP: 6/16 [hobgoblin/club (3)]
   121 | D:1      | Slain by a hobgoblin

Skill      XL: |  1 |
---------------+----+-----
Fighting       | 1 |  1.0
Dodging        | |  1.7
Unarmed Combat | |  2.9
Spellcasting   | |  1.7
Transmutations | |  1.7

Action                   || total
-------------------------++-------
Melee: Unarmed           ||    12
       Kick              ||     1
       Headbutt          ||     1
 Cast: Beastly Appendage ||     2
Armor: Robe              ||     1
Dodge: Dodged            ||     7

Vault maps used:
D:1:      roderic_octagonal_star
